 Dungeon Crawl Stone Soup version 0.32-a0-732-ga344392067 (webtiles) character file.

Game seed: 5189719406732321039

22 croobank the Cutter (level 2, 0/29 HPs)
             Began as a Gnoll Chaos Knight on Mar 16, 2024.
             Was a Plaything of Xom.
             Succumbed to a kobold's poison
             ... on level 1 of the Dungeon.
             The game lasted 00:01:20 (157 turns).

croobank the Cutter (Gnoll Chaos Knight)             Turns: 157, Time: 00:01:21

Health: 0/29       AC:  5    Str: 11    XL:     2   Next: 91%
Magic:  2/2        EV: 11    Int: 11    God:    Xom [..*...]
Gold:   2          SH:  0    Dex: 11    Spells: 2/2 levels left

rFire   . . .        a - +0 short sword (chaos)
rCold   . . .        (no shield)
rNeg    . . .        b - +2 leather armour
rPois   .            (no helmet)
rElec   .            (no cloak)
rCorr   .            (no gloves)
SInv    .            (no boots)
Will    .....        (no amulet)
Stlth   +            (no ring)
HPRegen 0.24/turn    (no ring)
MPRegen 0.08/turn

%: no passive effects
@: lethally poisoned (0 -> -1)
A: fangs 1, strong nose, distributed training
a: Renounce Religion


You were on level 1 of the Dungeon.
You worshipped Xom.
You were a toy of Xom.
You visited 1 branch of the dungeon, and saw 1 of its levels.

You collected 2 gold pieces.

Inventory:

Hand Weapons
 a - a +0 short sword of chaos (weapon)
Armour
 b - a +2 leather armour (worn)


   Skills:
 + Level 6.5 Fighting
 + Level 6.5 Short Blades
 + Level 0.5 Long Blades
 + Level 0.5 Axes
 + Level 0.5 Maces & Flails
 + Level 0.5 Polearms
 + Level 0.5 Staves
 + Level 0.5 Ranged Weapons
 + Level 0.5 Throwing
 + Level 4.5 Armour
 + Level 2.5 Dodging
 + Level 0.5 Stealth
 + Level 0.5 Shields
 + Level 0.5 Unarmed Combat
 + Level 0.5 Spellcasting
 + Level 0.4 Conjurations
 + Level 0.4 Hexes
 + Level 0.4 Summonings
 + Level 0.4 Necromancy
 + Level 0.4 Translocations
 + Level 0.4 Fire Magic
 + Level 0.4 Ice Magic
 + Level 0.4 Air Magic
 + Level 0.4 Earth Magic
 + Level 0.4 Alchemy
 + Level 0.7 Invocations
 + Level 0.5 Evocations
 + Level 0.5 Shapeshifting


You had 2 spell levels left.
You didn't know any spells.
Your spell library was empty.

Dungeon Overview and Level Annotations

Branches:
Dungeon (1/15)

Altars:


Innate Abilities, Weirdness & Mutations

You have very sharp teeth.
Your uncanny sense of smell can sniff out nearby items.
Your experience applies equally to all skills.


Message History

You feel sick.
You aren't carrying any potions.
As you read the scroll of butterflies, it crumbles to dust.
You hear the flapping of tiny wings.
The kobold is knocked back by the sudden gust.
You feel very sick.
The kobold completely misses your butterfly.
You swap places.
* * * LOW HITPOINT WARNING * * *
You feel sick.
You swap places.
* * * LOW HITPOINT WARNING * * *
You feel sick. The kobold misses your butterfly.
You swap places.
A kobold comes into view. It is wielding a +0 short sword.
* * * LOW HITPOINT WARNING * * *
You feel sick. The kobold barely misses you.
You hit the kobold.
You kill the kobold!
* * * LOW HITPOINT WARNING * * *
You feel sick.
The kobold completely misses your butterfly.
Okay, then.
* * * LOW HITPOINT WARNING * * *
You feel sick.
Things that are here:
a +0 rapier of venom; 4 stones You hit the rat.
You freeze the rat.
You kill the rat!
The kobold completely misses your butterfly.
You swap places.
* * * LOW HITPOINT WARNING * * *
You feel sick.
The kobold hits your butterfly with a +0 short sword.
Your butterfly dies!
Your butterfly disappears in a burst of colours!
You see here a rat corpse.
You swap places.
You die...
Xom laughs nastily!

#...........####
#...........#
#...........#
#..........b#
#...........#######
#.....)............
#########.b........
###..#b.......
#.b@bK........
#b#.b##.......
#.bb## ##..##.
#b.## #..# #..# #.#
#)#.)..?[ #.##..)..
#..##...# ##..##b##


You could see a kobold.

Vanquished Creatures
  3 endoplasms (D:1)
  A goblin (D:1)
  A hobgoblin (D:1)
  4 jackals (D:1)
  A quokka (D:1)
  2 ball pythons (D:1)
  A bat (D:1)
  2 frilled lizards (D:1)
  4 kobolds (D:1)
  A rat (D:1)
20 creatures vanquished.

Notes
Turn   | Place    | Note
-------+----------+-------------------------------------------
     0 | D:1      | croobank the Gnoll Chaos Knight began the quest for the
                  | Orb.
     0 | D:1      | Reached XP level 1. HP: 23/23 MP: 1/1
    18 | D:1      | XOM: divination: detect items
    72 | D:1      | Reached XP level 2. HP: 25/29 MP: 2/2
   156 | D:1      | HP: 1/29 [poisoned by a kobold]
   157 | D:1      | Succumbed to a kobold's poison

Illustrated notes

Levels and vault maps discovered:
D:1:      erik_arrival_triangle_small, layout_basic, minmay_heptomino_w4

Action                     || total
---------------------------++-------
  Melee: Short sword       ||    61
         Bite              ||     4
    Use: Scroll            ||     1
 Armour: Leather armour    ||    37
  Dodge: Dodged            ||    36

Table legend: (Time is in decaauts)
 A = Elapsed time spent in this place.
 B = Non-inter-level travel time spent in this place.
 C = Inter-level travel time spent in this place.
 D = Time resting spent in this place.
 E = Time spent auto-exploring this place.
 F = Levels seen in this place.
 G = Mean time per level.
                   A        B        C        D        E       F      G
               +--------+--------+--------+--------+--------+-----+--------+
         Total |    137 |    137 |      0 |      0 |     52 |   1 |  137.0 |
       Dungeon |    137 |    137 |      0 |      0 |     52 |   1 |  137.0 |
               +--------+--------+--------+--------+--------+-----+--------+

Top non-repeatable levels by time:
     D:1: 137 daAuts
